Sasquatch vs Punishers
(R2)
Created - 28 décembre 2012 at 23:05
Goals
|
| Sasquatch |
0 |
1 |
4 |
5 |
| Punishers |
0 |
1 |
0 |
1 |
|
Shots
|
| Sasquatch |
9 |
10 |
15 |
34 |
| Punishers |
9 |
6 |
11 |
26 |
|
1st period
No Goal
Penalties :
Stu Bickel (Pro) for Roughing (Minor) at 2:35, Andrew Cogliano (Gat) for Hooking (Minor) at 13:15, Tomas Kurka (Gat) for Interference (Minor) at 19:01
2nd period
1. Punishers , Mike Grier 15 (Jassen Cullimore, Jimmie Olvestad) at 0:44 (PP)
2. Sasquatch , Andrew Cogliano 11 (Steve Bernier) at 4:10
Penalties :
Adam Pineault (Pro) for Elbowing (Minor) at 0:58, Chris Conner (Pro) for Tripping (Minor) at 8:10, Brian Lee (Gat) for Tripping (Minor) at 14:50
3rd period
3. Sasquatch , Matt Ellison 4 (Andrew Brunette, Andreas Karlsson) at 5:19
4. Sasquatch , Tomas Kurka 8 (Jakub Voracek, Kevin Porter) at 7:15 (PP)
5. Sasquatch , Jiri Novotny 4 (Konstantin Pushkarev, Aaron Voros) at 11:59
6. Sasquatch , Andrew Cogliano 12 (Steve Bernier, Trevor Daley) at 12:07
Penalties :
Jason Gregoire (Pro) for Roughing (Minor) at 1:51, Mike Blunden (Pro) for Diving (Minor) at 7:07, Konstantin Pushkarev (Gat) for Hooking (Minor) at 8:16, Jimmie Olvestad (Pro) for Hooking (Minor) at 8:41, Petteri Nokelainen (Pro) for Tripping (Minor) at 12:28, Chris Conner (Pro) for Tripping (Minor) at 13:07, Linus Omark (Gat) for Roughing (Minor) at 16:15, Ryan White (Pro) for Tripping (Minor) at 18:51, Brian Lee (Gat) for Holding (Minor) at 18:55
Goalie Stats
Cory Schneider (Gat), 25 saves from 26 shots - (0,962), W, 12-2-2, 60:00 minutes
Karri Ramo (Pro), 29 saves from 34 shots - (0,853), L, 8-6-1, 60:00 minutes
Players Stats for Sasquatch
Player Name G A P +/- PIM S H SB GA TA FO MP PP MP PK MP
------------------------------------------------------------------------------------
Aaron Voros 0 1 1 1 0 4 1 0 0 0 0/0 11:34 0:15 1:42
Andreas Karlsson 0 1 1 1 0 3 4 0 1 1 0/5 13:17 0:00 3:01
Andrew Brunette 0 1 1 1 0 3 1 0 0 0 0/0 10:16 0:00 0:02
Andrew Cogliano 2 0 2 2 2 4 0 1 0 0 15/41 23:01 5:56 3:44
Brian Lee 0 0 0 3 4 1 3 1 0 1 0/0 29:13 7:06 4:23
Cody Franson 0 0 0 0 0 0 0 0 0 0 0/0 1:48 1:06 0:00
Jakub Voracek 0 1 1 0 0 2 0 0 0 1 0/0 13:28 5:00 0:00
Jiri Novotny 1 0 1 1 0 2 2 1 0 1 1/3 9:39 0:00 1:28
Kevin Porter 0 1 1 0 0 0 1 0 3 1 4/7 13:52 5:00 0:09
Konstantin Pushkarev 0 1 1 1 2 1 1 0 0 0 0/1 8:36 0:22 0:00
Kyle Cumiskey 0 0 0 1 0 0 3 4 0 0 0/0 23:28 5:32 2:33
Linus Omark 0 0 0 0 2 3 1 0 0 1 0/0 15:50 5:49 1:07
Mark Giordano 0 0 0 1 0 1 4 1 0 4 0/0 24:58 4:04 2:47
Matt Ellison 1 0 1 1 0 1 1 1 0 0 0/0 10:06 0:00 0:00
Ryan Wilson 0 0 0 0 0 0 3 2 0 3 0/0 14:37 0:08 0:34
Steve Bernier 0 2 2 2 0 5 4 1 0 0 1/2 24:14 6:11 5:02
Tomas Kurka 1 0 1 2 2 2 4 0 1 0 0/0 16:11 5:00 0:00
Trevor Daley 0 1 1 3 0 2 4 0 0 0 0/0 25:03 4:25 5:48
Players Stats for Punishers
Player Name G A P +/- PIM S H SB GA TA FO MP PP MP PK MP
------------------------------------------------------------------------------------
Adam McQuaid 0 0 0 -1 0 0 0 0 2 0 0/0 10:17 0:00 0:39
Adam Pineault 0 0 0 -1 2 0 1 0 2 1 0/0 8:15 0:01 0:00
Alyn McCauley 0 0 0 -1 0 5 4 3 0 0 17/28 23:44 4:34 5:50
Chris Conner 0 0 0 -1 4 0 1 0 0 0 0/0 15:23 3:24 1:40
Jason Gregoire 0 0 0 -1 2 0 1 0 0 0 0/0 8:29 0:01 0:00
Jassen Cullimore 0 1 1 -3 0 4 0 0 3 1 0/0 30:01 5:32 6:21
Jean-Luc Grand-Pierre 0 0 0 0 0 2 2 1 0 0 0/0 20:21 2:33 4:50
Jimmie Olvestad 0 1 1 -1 2 4 2 0 1 0 0/0 18:53 4:39 3:48
Joe Vitale 0 0 0 -1 0 0 1 0 0 0 3/4 8:14 0:00 0:20
Kris Chucko 0 0 0 -1 0 0 0 0 1 0 0/0 9:54 0:35 0:36
Marc-André Bergeron 0 0 0 -3 0 1 0 5 3 2 0/0 28:09 5:32 6:21
Mike Blunden 0 0 0 -1 2 1 1 0 0 0 0/0 7:53 0:00 0:00
Mike Grier 1 0 1 -1 0 4 2 1 0 0 8/10 22:46 4:37 5:41
Mike Weber 0 0 0 -1 0 0 0 0 1 0 0/0 9:38 0:00 0:00
Pavel Valentenko 0 0 0 0 0 0 0 0 0 0 0/0 2:22 0:00 0:27
Petteri Nokelainen 0 0 0 -1 2 1 0 0 0 0 7/8 13:13 3:24 0:00
Ryan White 0 0 0 -1 2 0 1 0 0 0 3/7 11:43 0:00 3:06
Stu Bickel 0 0 0 0 2 0 3 1 0 1 0/0 19:14 2:33 3:44
Viktor Stalberg 0 0 0 -1 0 4 1 0 0 0 0/2 16:13 2:59 0:00
3 Stars
1 - Andrew Cogliano (Gat)
2 - Steve Bernier (Gat)
3 - Cory Schneider (Gat)
Power Play
Sasquatch - 1 on 9 Attempt(s) - 11,11%
Punishers - 1 on 6 Attempt(s) - 16,67%
Penalty Kill
Sasquatch - 5 on 6 Attempt(s) - 83,33%
- Score 0 goal in Penalty Kill
Punishers - 8 on 9 Attempt(s) - 88,89%
- Score 0 goal in Penalty Kill
Official
Referees : Dwyer Gord and Walkom Stephen
Linesman : Scott Cherrey and Brian Murphy
Game Notes
Cody Franson is injured at 4:57 of 1st period (Right Wrist)
Sasquatch
5 vs 5 Forward
Center Left Wing Right Wing Time % Phy DF OF
1 Andrew Cogliano Tomas Kurka Steve Bernier 40 1 2 2
2 Kevin Porter Linus Omark Jakub Voracek 30 1 2 2
3 Andreas Karlsson Andrew Brunette Matt Ellison 20 1 2 2
4 Jiri Novotny Aaron Voros Konstantin Pushkarev 10 1 2 2
5 vs 5 Defense
Defense Defense Time % Phy DF OF
1 Brian Lee Trevor Daley 40 1 2 2
2 Mark Giordano Kyle Cumiskey 30 1 2 2
3 Ryan Wilson Cody Franson 20 1 2 2
4 Brian Lee Cody Franson 10 1 2 2
PowerPlay Forward
Center Left Wing Right Wing Time % Phy DF OF
1 Andrew Cogliano Linus Omark Steve Bernier 60 1 2 2
2 Kevin Porter Tomas Kurka Jakub Voracek 40 1 2 2
PowerPlay Defense
Defense Defense Time % Phy DF OF
1 Brian Lee Cody Franson 60 1 2 2
2 Trevor Daley Mark Giordano 40 1 2 2
Penalty Kill 4 Players Forward
Center Wing Time % Phy DF OF
1 Andrew Cogliano Steve Bernier 60 1 2 2
2 Andreas Karlsson Linus Omark 40 1 2 2
Penalty Kill 4 Players Defense
Defense Defense Time % Phy DF OF
1 Brian Lee Trevor Daley 60 1 2 2
2 Mark Giordano Kyle Cumiskey 40 1 2 2
Penalty Kill - 3 Players Forward
Forward Time % Phy DF OF
1 Andrew Cogliano 60 1 2 2
2 Andreas Karlsson 40 1 2 2
Penalty Kill - 3 Players Defense
Defense Defense Time % Phy DF OF
1 Cody Franson Trevor Daley 60 1 2 2
2 Mark Giordano Brian Lee 40 1 2 2
4 vs 4 Forward
Center Wing Time % Phy DF OF
1 Andrew Cogliano Steve Bernier 60 1 2 2
2 Kevin Porter Matt Ellison 40 1 2 2
4 vs 4 Defense
Defense Defense Time % Phy DF OF
1 Brian Lee Trevor Daley 60 1 2 2
2 Mark Giordano Ryan Wilson 40 1 2 2
Last Minutes Offensive
Center Left Wing Right Wing Defense Defense
Andrew Cogliano Tomas Kurka Steve Bernier Trevor Daley Brian Lee
Last Minutes Defensive
Center Left Wing Right Wing Defense Defense
Andrew Cogliano Linus Omark Steve Bernier Mark Giordano Brian Lee
Goaltenders
Starting : Cory Schneider
Backup : Curtis Sanford
Extra Forwards
Normal : Jakub Voracek, Andrew Brunette, Jiri Novotny - PP : Linus Omark, Konstantin Pushkarev - PK : Jiri Novotny
Extra Defensemen
Normal : Ryan Wilson, Brian Lee, Mark Giordano - PP : Cody Franson - PK : Kyle Cumiskey, Trevor Daley
Penalty Shots
Andrew Cogliano, Linus Omark, Andreas Karlsson, Matt Ellison, Jiri Novotny
Punishers
5 vs 5 Forward
Center Left Wing Right Wing Time % Phy DF OF
1 Alyn McCauley Viktor Stalberg Mike Grier 40 1 2 2
2 Petteri Nokelainen Jimmie Olvestad Chris Conner 30 1 2 2
3 Ryan White Kris Chucko Adam Pineault 20 1 2 2
4 Joe Vitale Jason Gregoire Mike Blunden 10 1 2 2
5 vs 5 Defense
Defense Defense Time % Phy DF OF
1 Jassen Cullimore Marc-André Bergeron 40 1 2 2
2 Jean-Luc Grand-Pierre Stu Bickel 30 1 2 2
3 Mike Weber Adam McQuaid 20 1 2 2
4 Pavel Valentenko Jassen Cullimore 10 1 2 2
PowerPlay Forward
Center Left Wing Right Wing Time % Phy DF OF
1 Alyn McCauley Jimmie Olvestad Mike Grier 60 1 2 2
2 Petteri Nokelainen Viktor Stalberg Chris Conner 40 1 2 2
PowerPlay Defense
Defense Defense Time % Phy DF OF
1 Jassen Cullimore Marc-André Bergeron 60 1 2 2
2 Jean-Luc Grand-Pierre Stu Bickel 40 1 2 2
Penalty Kill 4 Players Forward
Center Wing Time % Phy DF OF
1 Mike Grier Alyn McCauley 60 1 2 2
2 Jimmie Olvestad Chris Conner 40 1 2 2
Penalty Kill 4 Players Defense
Defense Defense Time % Phy DF OF
1 Jassen Cullimore Marc-André Bergeron 60 1 2 2
2 Jean-Luc Grand-Pierre Stu Bickel 40 1 2 2
Penalty Kill - 3 Players Forward
Forward Time % Phy DF OF
1 Petteri Nokelainen 60 1 2 2
2 Alyn McCauley 40 1 2 2
Penalty Kill - 3 Players Defense
Defense Defense Time % Phy DF OF
1 Jassen Cullimore Marc-André Bergeron 60 1 2 2
2 Jean-Luc Grand-Pierre Stu Bickel 40 1 2 2
4 vs 4 Forward
Center Wing Time % Phy DF OF
1 Alyn McCauley Viktor Stalberg 60 1 2 2
2 Petteri Nokelainen Mike Grier 40 1 2 2
4 vs 4 Defense
Defense Defense Time % Phy DF OF
1 Jassen Cullimore Marc-André Bergeron 60 1 2 2
2 Jean-Luc Grand-Pierre Stu Bickel 40 1 2 2
Last Minutes Offensive
Center Left Wing Right Wing Defense Defense
Alyn McCauley Viktor Stalberg Mike Grier Jassen Cullimore Marc-André Bergeron
Last Minutes Defensive
Center Left Wing Right Wing Defense Defense
Alyn McCauley Jimmie Olvestad Chris Conner Jassen Cullimore Marc-André Bergeron
Goaltenders
Starting : Karri Ramo
Backup : Curtis McElhinney
Extra Forwards
Normal : Petteri Nokelainen, Kris Chucko, Ryan White - PP : Petteri Nokelainen, Kris Chucko - PK : Ryan White
Extra Defensemen
Normal : Mike Weber, Adam McQuaid, Pavel Valentenko - PP : Mike Weber - PK : Adam McQuaid, Pavel Valentenko
Penalty Shots
Viktor Stalberg, Mike Grier, Jimmie Olvestad, Chris Conner, Alyn McCauley
% Time on Ice - Sasquatch
Lines # - Real PCT - Wanted PCT - Time Play
Normal Forward
1 - 30% - 40% - 11:33
2 - 23% - 30% - 8:47
3 - 25% - 20% - 9:35
4 - 21% - 10% - 8:11
Normal Defense
1 - 32% - 40% - 12:20
2 - 29% - 30% - 11:07
3 - 32% - 20% - 12:11
4 - 6% - 10% - 2:28
PP Forward
1 - 55% - 60% - 6:11
2 - 45% - 40% - 5:00
PP Defense
1 - 64% - 60% - 7:07
2 - 36% - 40% - 4:04
PK Forward
1 - 79% - 60% - 6:25
2 - 21% - 40% - 1:40
PK Defense
1 - 79% - 60% - 6:22
2 - 21% - 40% - 1:43
PK3 Forward
1 - 0% - 60%
2 - 0% - 40%
PK3 Defense
1 - 0% - 60%
2 - 0% - 40%
44 Forward
1 - 80% - 60% - 2:07
2 - 20% - 40% - 0:31
44 Defense
1 - 72% - 60% - 1:53
2 - 28% - 40% - 0:45
Last Minute Offensive - 0:00
Last Minute Defensive - 0:00
Total
Forward - 60:00
Defense - 60:00
|
% Time on Ice - Punishers
Lines # - Real PCT - Wanted PCT - Time Play
Normal Forward
1 - 33% - 40% - 12:39
2 - 25% - 30% - 9:42
3 - 21% - 20% - 7:51
4 - 21% - 10% - 7:54
Normal Defense
1 - 38% - 40% - 14:22
2 - 32% - 30% - 12:14
3 - 25% - 20% - 9:38
4 - 5% - 10% - 1:52
PP Forward
1 - 58% - 60% - 4:41
2 - 42% - 40% - 3:24
PP Defense
1 - 68% - 60% - 5:32
2 - 32% - 40% - 2:33
PK Forward
1 - 73% - 60% - 7:10
2 - 27% - 40% - 2:41
PK Defense
1 - 54% - 60% - 5:20
2 - 46% - 40% - 4:31
PK3 Forward
1 - 100% - 60% - 1:20
2 - 0% - 40% - 0:00
PK3 Defense
1 - 76% - 60% - 1:01
2 - 24% - 40% - 0:19
44 Forward
1 - 85% - 60% - 2:14
2 - 15% - 40% - 0:24
44 Defense
1 - 72% - 60% - 1:54
2 - 28% - 40% - 0:44
Last Minute Offensive - 0:00
Last Minute Defensive - 0:00
Total
Forward - 60:00
Defense - 60:00
|
Play by Play
1st period
0:01 of 1st period - Alyn McCauley wins face-off versus Andrew Cogliano in neutral zone.
0:16 of 1st period - Trevor Daley is hit by Alyn McCauley and loses puck.
0:46 of 1st period - Icing by Marc-André Bergeron.
0:47 of 1st period - Petteri Nokelainen wins face-off versus Andreas Karlsson in Punishers zone.
0:52 of 1st period - Slapshot by Andrew Brunette.
0:52 of 1st period - Stopped by Karri Ramo with a rebound.
1:02 of 1st period - Slapshot by Marc-André Bergeron.
1:02 of 1st period - Shot Blocked by Kyle Cumiskey.
1:44 of 1st period - Wrist shot by Andrew Cogliano.
1:44 of 1st period - Shot Blocked by Mike Grier.
1:54 of 1st period - Linus Omark is hit by Stu Bickel and loses puck.
1:59 of 1st period - Snap shot by Jimmie Olvestad.
1:59 of 1st period - Shot Misses the Net.
2:01 of 1st period - Snap shot by Jimmie Olvestad.
2:01 of 1st period - Shot Misses the Net.
2:20 of 1st period - Off-side.
2:21 of 1st period - Ryan White wins face-off versus Andrew Cogliano in neutral zone.
2:24 of 1st period - Wrist shot by Kris Chucko.
2:24 of 1st period - Shot Blocked by Brian Lee.
2:35 of 1st period - Minor Penalty to Stu Bickel for Roughing.
2:36 of 1st period - Mike Grier wins face-off versus Andrew Cogliano in Punishers zone.
2:41 of 1st period - Snap shot by Steve Bernier.
2:41 of 1st period - Shot Misses the Net.
2:43 of 1st period - Slapshot by Cody Franson.
2:43 of 1st period - Shot Misses the Net.
4:35 of 1st period - Penalty to Stu Bickel is over, Stu Bickel is back on ice.
4:48 of 1st period - Jassen Cullimore is hit by Andreas Karlsson.
4:56 of 1st period - Cody Franson is hit by Joe Vitale and loses puck.
4:57 of 1st period - Cody Franson from Sasquatch is injured at 4:57 of 1st period (Right Wrist).
4:58 of 1st period - Andrew Cogliano wins face-off versus Alyn McCauley in Sasquatch zone.
5:07 of 1st period - Wrist shot by Andrew Cogliano.
5:07 of 1st period - Shot Blocked by Alyn McCauley.
5:09 of 1st period - Wrist shot by Steve Bernier.
5:09 of 1st period - Deflect By Mike Grier.
5:09 of 1st period - Stopped by Karri Ramo with a rebound.
5:23 of 1st period - Brian Lee is hit by Adam Pineault and loses puck.
5:40 of 1st period - Adam McQuaid is hit by Trevor Daley and loses puck.
5:58 of 1st period - Mike Weber is hit by Andrew Brunette and loses puck.
6:23 of 1st period - Wrist shot by Alyn McCauley.
6:23 of 1st period - Stopped by Cory Schneider with a rebound.
7:16 of 1st period - Jimmie Olvestad is hit by Kyle Cumiskey and loses puck.
7:35 of 1st period - Mark Giordano is hit by Alyn McCauley and loses puck.
7:49 of 1st period - Icing by Jean-Luc Grand-Pierre.
7:50 of 1st period - Alyn McCauley wins face-off versus Andrew Cogliano in Punishers zone.
8:20 of 1st period - Off-side.
8:21 of 1st period - Kevin Porter wins face-off versus Alyn McCauley in neutral zone.
8:53 of 1st period - Wrist shot by Matt Ellison.
8:53 of 1st period - Shot Blocked by Marc-André Bergeron.
9:09 of 1st period - Slapshot by Jean-Luc Grand-Pierre.
9:09 of 1st period - Stopped by Cory Schneider with a rebound.
9:19 of 1st period - Jean-Luc Grand-Pierre is hit by Brian Lee and loses puck.
9:47 of 1st period - Jean-Luc Grand-Pierre is hit by Andreas Karlsson and loses puck.
10:06 of 1st period - Snap shot by Chris Conner.
10:06 of 1st period - Shot Misses the Net.
10:44 of 1st period - Wrist shot by Alyn McCauley.
10:44 of 1st period - Shot Misses the Net.
10:46 of 1st period - Wrist shot by Mike Grier.
10:46 of 1st period - Deflect By Viktor Stalberg.
10:46 of 1st period - Stopped by Cory Schneider with a rebound.
11:28 of 1st period - Snap shot by Aaron Voros.
11:28 of 1st period - Stopped by Karri Ramo without a rebound.
11:29 of 1st period - Alyn McCauley wins face-off versus Jiri Novotny in Punishers zone.
11:51 of 1st period - Alyn McCauley is hit by Jiri Novotny and loses puck.
12:06 of 1st period - Konstantin Pushkarev is hit by Alyn McCauley and loses puck.
12:13 of 1st period - Mike Grier is hit by Kyle Cumiskey and loses puck.
12:32 of 1st period - Backhand shot by Viktor Stalberg.
12:32 of 1st period - Shot Blocked by Kyle Cumiskey.
12:38 of 1st period - Snap shot by Mike Grier.
12:38 of 1st period - Shot Blocked by Ryan Wilson.
12:40 of 1st period - Slapshot by Jassen Cullimore.
12:40 of 1st period - Deflect By Jiri Novotny.
12:40 of 1st period - Stopped by Cory Schneider with a rebound.
12:42 of 1st period - Wrist shot by Alyn McCauley.
12:42 of 1st period - Shot Blocked by Kyle Cumiskey.
12:44 of 1st period - Snap shot by Mike Grier.
12:44 of 1st period - Shot Misses the Net.
13:02 of 1st period - Snap shot by Jiri Novotny.
13:02 of 1st period - Shot Misses the Net.
13:04 of 1st period - Backhand shot by Ryan Wilson.
13:04 of 1st period - Deflect By Jiri Novotny.
13:04 of 1st period - Stopped by Karri Ramo without a rebound.
13:05 of 1st period - Petteri Nokelainen wins face-off versus Andrew Cogliano in Punishers zone.
13:05 of 1st period - Petteri Nokelainen is hit by Tomas Kurka.
13:15 of 1st period - Minor Penalty to Andrew Cogliano for Hooking.
13:16 of 1st period - Petteri Nokelainen wins face-off versus Andreas Karlsson in Sasquatch zone.
13:21 of 1st period - Slapshot by Chris Conner.
13:21 of 1st period - Shot Misses the Net.
13:23 of 1st period - Slapshot by Jassen Cullimore.
13:23 of 1st period - Shot Misses the Net.
13:25 of 1st period - Snap shot by Jassen Cullimore.
13:25 of 1st period - Stopped by Cory Schneider without a rebound.
13:26 of 1st period - Petteri Nokelainen wins face-off versus Andreas Karlsson in Sasquatch zone.
13:31 of 1st period - Snap shot by Marc-André Bergeron.
13:31 of 1st period - Stopped by Cory Schneider with a rebound.
13:33 of 1st period - Wrist shot by Petteri Nokelainen.
13:33 of 1st period - Stopped by Cory Schneider with a rebound.
13:35 of 1st period - Slapshot by Jassen Cullimore.
13:35 of 1st period - Stopped by Cory Schneider without a rebound.
13:36 of 1st period - Petteri Nokelainen wins face-off versus Andreas Karlsson in Sasquatch zone.
14:01 of 1st period - Steve Bernier is hit by Alyn McCauley and loses puck.
15:15 of 1st period - Penalty to Andrew Cogliano is over, Andrew Cogliano is back on ice.
16:44 of 1st period - Kevin Porter is hit by Jean-Luc Grand-Pierre.
16:48 of 1st period - Jean-Luc Grand-Pierre is hit by Trevor Daley and loses puck.
17:16 of 1st period - Brian Lee is hit by Mike Blunden.
17:41 of 1st period - Snap shot by Andrew Cogliano.
17:41 of 1st period - Deflect By Tomas Kurka.
17:41 of 1st period - Shot Misses the Net.
17:41 of 1st period - Puck is out of play.
17:42 of 1st period - Andrew Cogliano wins face-off versus Ryan White in Punishers zone.
17:45 of 1st period - Wrist shot by Steve Bernier.
17:45 of 1st period - Stopped by Karri Ramo with a rebound.
17:47 of 1st period - Snap shot by Andrew Cogliano.
17:47 of 1st period - Stopped by Karri Ramo with a rebound.
18:03 of 1st period - Adam McQuaid is hit by Tomas Kurka and loses puck.
18:18 of 1st period - Slapshot by Tomas Kurka.
18:18 of 1st period - Deflect By Steve Bernier.
18:18 of 1st period - Shot Blocked by Marc-André Bergeron.
18:18 of 1st period - Puck is out of play.
18:19 of 1st period - Kevin Porter wins face-off versus Alyn McCauley in Punishers zone.
18:28 of 1st period - Slapshot by Kevin Porter.
18:28 of 1st period - Shot Misses the Net.
18:48 of 1st period - Snap shot by Andrew Brunette.
18:48 of 1st period - Stopped by Karri Ramo with a rebound.
18:50 of 1st period - Snap shot by Andreas Karlsson.
18:50 of 1st period - Shot Misses the Net.
18:52 of 1st period - Slapshot by Brian Lee.
18:52 of 1st period - Stopped by Karri Ramo without a rebound.
18:53 of 1st period - Andrew Cogliano wins face-off versus Alyn McCauley in Punishers zone.
18:54 of 1st period - Snap shot by Tomas Kurka.
18:54 of 1st period - Stopped by Karri Ramo with a rebound.
19:01 of 1st period - Minor Penalty to Tomas Kurka for Interference.
19:02 of 1st period - Alyn McCauley wins face-off versus Andrew Cogliano in Sasquatch zone.
19:07 of 1st period - Slapshot by Alyn McCauley.
19:07 of 1st period - Stopped by Cory Schneider without a rebound.
19:08 of 1st period - Andrew Cogliano wins face-off versus Alyn McCauley in Sasquatch zone.
19:08 of 1st period - Andrew Cogliano is hit by Mike Grier.
2nd period
0:01 of 2nd period - Andrew Cogliano wins face-off versus Alyn McCauley in neutral zone.
0:04 of 2nd period - Slapshot by Steve Bernier.
0:04 of 2nd period - Stopped by Karri Ramo without a rebound.
0:05 of 2nd period - Alyn McCauley wins face-off versus Andrew Cogliano in Punishers zone.
0:40 of 2nd period - Wrist shot by Mike Grier.
0:40 of 2nd period - Shot Misses the Net.
0:44 of 2nd period - Wrist shot by Mike Grier.
0:44 of 2nd period - Goal by Mike Grier - Sasquatch : 0 - Punishers : 1.
0:45 of 2nd period - Andrew Cogliano wins face-off versus Ryan White in neutral zone.
0:51 of 2nd period - Snap shot by Steve Bernier.
0:51 of 2nd period - Shot Misses the Net.
0:57 of 2nd period - Wrist shot by Steve Bernier.
0:57 of 2nd period - Stopped by Karri Ramo with a rebound.
0:58 of 2nd period - Minor Penalty to Adam Pineault for Elbowing.
0:59 of 2nd period - Mike Grier wins face-off versus Andrew Cogliano in Punishers zone.
1:14 of 2nd period - Slapshot by Brian Lee.
1:14 of 2nd period - Deflect By Steve Bernier.
1:14 of 2nd period - Shot Misses the Net.
1:14 of 2nd period - Puck is out of play.
1:15 of 2nd period - Mike Grier wins face-off versus Andrew Cogliano in Punishers zone.
1:24 of 2nd period - Marc-André Bergeron is hit by Kyle Cumiskey.
2:58 of 2nd period - Penalty to Adam Pineault is over, Adam Pineault is back on ice.
3:34 of 2nd period - Adam McQuaid is hit by Aaron Voros and loses puck.
3:52 of 2nd period - Snap shot by Jimmie Olvestad.
3:52 of 2nd period - Stopped by Cory Schneider with a rebound.
3:58 of 2nd period - Mike Weber is hit by Konstantin Pushkarev.
4:08 of 2nd period - Wrist shot by Konstantin Pushkarev.
4:08 of 2nd period - Stopped by Karri Ramo without a rebound.
4:09 of 2nd period - Steve Bernier wins face-off versus Joe Vitale in Punishers zone.
4:10 of 2nd period - Snap shot by Andrew Cogliano.
4:10 of 2nd period - Goal by Andrew Cogliano - Sasquatch : 1 - Punishers : 1.
4:11 of 2nd period - Alyn McCauley wins face-off versus Andrew Cogliano in neutral zone.
4:24 of 2nd period - Jassen Cullimore is hit by Trevor Daley and loses puck.
4:59 of 2nd period - Slapshot by Jean-Luc Grand-Pierre.
4:59 of 2nd period - Deflect By Mike Blunden.
4:59 of 2nd period - Stopped by Cory Schneider without a rebound.
5:00 of 2nd period - Joe Vitale wins face-off versus Andrew Cogliano in Sasquatch zone.
5:09 of 2nd period - Jean-Luc Grand-Pierre is hit by Steve Bernier and loses puck.
5:33 of 2nd period - Snap shot by Viktor Stalberg.
5:33 of 2nd period - Shot Misses the Net.
5:35 of 2nd period - Wrist shot by Viktor Stalberg.
5:35 of 2nd period - Stopped by Cory Schneider with a rebound.
6:23 of 2nd period - Off-side.
6:24 of 2nd period - Alyn McCauley wins face-off versus Jiri Novotny in neutral zone.
6:37 of 2nd period - Slapshot by Aaron Voros.
6:37 of 2nd period - Shot Misses the Net.
6:39 of 2nd period - Slapshot by Trevor Daley.
6:39 of 2nd period - Stopped by Karri Ramo with a rebound.
7:00 of 2nd period - Jean-Luc Grand-Pierre is hit by Tomas Kurka and loses puck.
7:13 of 2nd period - Slapshot by Jassen Cullimore.
7:13 of 2nd period - Stopped by Cory Schneider without a rebound.
7:14 of 2nd period - Joe Vitale wins face-off versus Kevin Porter in Sasquatch zone.
7:25 of 2nd period - Slapshot by Jakub Voracek.
7:25 of 2nd period - Stopped by Karri Ramo with a rebound.
7:27 of 2nd period - Snap shot by Kevin Porter.
7:27 of 2nd period - Shot Misses the Net.
7:29 of 2nd period - Wrist shot by Mark Giordano.
7:29 of 2nd period - Deflect By Linus Omark.
7:29 of 2nd period - Stopped by Karri Ramo with a rebound.
7:39 of 2nd period - Kyle Cumiskey is hit by Mike Grier.
7:45 of 2nd period - Jean-Luc Grand-Pierre is hit by Ryan Wilson.
7:49 of 2nd period - Viktor Stalberg is hit by Andreas Karlsson and loses puck.
8:00 of 2nd period - Stu Bickel is hit by Steve Bernier.
8:10 of 2nd period - Minor Penalty to Chris Conner for Tripping.
8:11 of 2nd period - Mike Grier wins face-off versus Andrew Cogliano in Punishers zone.
8:39 of 2nd period - Snap shot by Jimmie Olvestad.
8:39 of 2nd period - Stopped by Cory Schneider with a rebound.
8:47 of 2nd period - Slapshot by Brian Lee.
8:47 of 2nd period - Shot Hit the Post.
8:49 of 2nd period - Slapshot by Brian Lee.
8:49 of 2nd period - Shot Blocked by Stu Bickel.
9:38 of 2nd period - Icing by Kyle Cumiskey.
9:39 of 2nd period - Kevin Porter wins face-off versus Ryan White in Sasquatch zone.
10:10 of 2nd period - Penalty to Chris Conner is over, Chris Conner is back on ice.
10:32 of 2nd period - Snap shot by Joe Vitale.
10:32 of 2nd period - Shot Misses the Net.
11:01 of 2nd period - Snap shot by Andreas Karlsson.
11:01 of 2nd period - Stopped by Karri Ramo with a rebound.
11:03 of 2nd period - Slapshot by Mark Giordano.
11:03 of 2nd period - Stopped by Karri Ramo with a rebound.
11:05 of 2nd period - Snap shot by Andreas Karlsson.
11:05 of 2nd period - Stopped by Karri Ramo without a rebound.
11:06 of 2nd period - Mike Grier wins face-off versus Kevin Porter in Punishers zone.
11:30 of 2nd period - Mark Giordano is hit by Stu Bickel and loses puck.
12:21 of 2nd period - Viktor Stalberg is hit by Mark Giordano and loses puck.
12:38 of 2nd period - Aaron Voros is hit by Viktor Stalberg and loses puck.
12:51 of 2nd period - Slapshot by Alyn McCauley.
12:51 of 2nd period - Deflect By Viktor Stalberg.
12:51 of 2nd period - Shot Misses the Net.
12:51 of 2nd period - Puck is out of play.
12:52 of 2nd period - Petteri Nokelainen wins face-off versus Andrew Cogliano in Sasquatch zone.
13:17 of 2nd period - Jassen Cullimore is hit by Ryan Wilson and loses puck.
13:24 of 2nd period - Wrist shot by Linus Omark.
13:24 of 2nd period - Shot Misses the Net.
14:28 of 2nd period - Ryan White is hit by Brian Lee and loses puck.
14:50 of 2nd period - Minor Penalty to Brian Lee for Tripping.
14:51 of 2nd period - Alyn McCauley wins face-off versus Andrew Cogliano in Sasquatch zone.
15:16 of 2nd period - Petteri Nokelainen is hit by Linus Omark and loses puck.
16:19 of 2nd period - Chris Conner is hit by Trevor Daley and loses puck.
16:50 of 2nd period - Penalty to Brian Lee is over, Brian Lee is back on ice.
19:10 of 2nd period - Andrew Cogliano is hit by Jason Gregoire and loses puck.
3rd period
0:01 of 3rd period - Alyn McCauley wins face-off versus Andrew Cogliano in neutral zone.
0:01 of 3rd period - Alyn McCauley is hit by Tomas Kurka.
0:33 of 3rd period - Trevor Daley is hit by Chris Conner and loses puck.
0:52 of 3rd period - Slapshot by Linus Omark.
0:52 of 3rd period - Shot Misses the Net.
0:58 of 3rd period - Wrist shot by Linus Omark.
0:58 of 3rd period - Stopped by Karri Ramo without a rebound.
0:59 of 3rd period - Andrew Cogliano wins face-off versus Alyn McCauley in Punishers zone.
1:26 of 3rd period - Petteri Nokelainen is hit by Mark Giordano and loses puck.
1:39 of 3rd period - Petteri Nokelainen is hit by Andreas Karlsson and loses puck.
1:51 of 3rd period - Minor Penalty to Jason Gregoire for Roughing.
1:52 of 3rd period - Mike Grier wins face-off versus Steve Bernier in Punishers zone.
2:32 of 3rd period - Jassen Cullimore is hit by Mark Giordano and loses puck.
3:51 of 3rd period - Penalty to Jason Gregoire is over, Jason Gregoire is back on ice.
3:51 of 3rd period - Icing by Joe Vitale.
3:52 of 3rd period - Ryan White wins face-off versus Kevin Porter in Punishers zone.
4:09 of 3rd period - Snap shot by Andrew Brunette.
4:09 of 3rd period - Stopped by Karri Ramo without a rebound.
4:10 of 3rd period - Jiri Novotny wins face-off versus Alyn McCauley in Punishers zone.
4:13 of 3rd period - Wrist shot by Jiri Novotny.
4:13 of 3rd period - Shot Blocked by Marc-André Bergeron.
4:19 of 3rd period - Wrist shot by Aaron Voros.
4:19 of 3rd period - Shot Misses the Net.
4:21 of 3rd period - Snap shot by Aaron Voros.
4:21 of 3rd period - Shot Misses the Net.
4:23 of 3rd period - Slapshot by Ryan Wilson.
4:23 of 3rd period - Shot Misses the Net.
4:25 of 3rd period - Snap shot by Aaron Voros.
4:25 of 3rd period - Stopped by Karri Ramo without a rebound.
4:26 of 3rd period - Andrew Cogliano wins face-off versus Petteri Nokelainen in Punishers zone.
5:19 of 3rd period - Snap shot by Matt Ellison.
5:19 of 3rd period - Goal by Matt Ellison - Sasquatch : 2 - Punishers : 1.
5:20 of 3rd period - Andrew Cogliano wins face-off versus Alyn McCauley in neutral zone.
5:45 of 3rd period - Brian Lee is hit by Jimmie Olvestad and loses puck.
6:14 of 3rd period - Slapshot by Adam Pineault.
6:14 of 3rd period - Shot Misses the Net.
6:16 of 3rd period - Slapshot by Stu Bickel.
6:16 of 3rd period - Shot Blocked by Matt Ellison.
6:58 of 3rd period - Slapshot by Marc-André Bergeron.
6:58 of 3rd period - Shot Blocked by Kyle Cumiskey.
7:07 of 3rd period - Minor Penalty to Mike Blunden for Diving.
7:08 of 3rd period - Kevin Porter wins face-off versus Mike Grier in Punishers zone.
7:11 of 3rd period - Snap shot by Kevin Porter.
7:11 of 3rd period - Shot Misses the Net.
7:13 of 3rd period - Slapshot by Jakub Voracek.
7:13 of 3rd period - Shot Blocked by Jean-Luc Grand-Pierre.
7:15 of 3rd period - Snap shot by Tomas Kurka.
7:15 of 3rd period - Goal by Tomas Kurka - Sasquatch : 3 - Punishers : 1.
7:16 of 3rd period - Alyn McCauley wins face-off versus Andrew Cogliano in neutral zone.
8:07 of 3rd period - Ryan White is hit by Matt Ellison.
8:14 of 3rd period - Jassen Cullimore is hit by Mark Giordano and loses puck.
8:16 of 3rd period - Minor Penalty to Konstantin Pushkarev for Hooking.
8:17 of 3rd period - Andrew Cogliano wins face-off versus Alyn McCauley in Sasquatch zone.
8:17 of 3rd period - Andrew Cogliano is hit by Jimmie Olvestad.
8:28 of 3rd period - Slapshot by Jean-Luc Grand-Pierre.
8:28 of 3rd period - Deflect By Alyn McCauley.
8:28 of 3rd period - Stopped by Cory Schneider without a rebound.
8:29 of 3rd period - Alyn McCauley wins face-off versus Andrew Cogliano in Sasquatch zone.
8:40 of 3rd period - Snap shot by Jimmie Olvestad.
8:40 of 3rd period - Stopped by Cory Schneider without a rebound.
8:41 of 3rd period - Alyn McCauley wins face-off versus Andrew Cogliano in Sasquatch zone.
8:41 of 3rd period - Minor Penalty to Jimmie Olvestad for Hooking.
8:42 of 3rd period - Alyn McCauley wins face-off versus Andrew Cogliano in Punishers zone.
8:56 of 3rd period - Slapshot by Andrew Cogliano.
8:56 of 3rd period - Shot Blocked by Alyn McCauley.
9:26 of 3rd period - Petteri Nokelainen is hit by Ryan Wilson.
9:52 of 3rd period - Wrist shot by Jakub Voracek.
9:52 of 3rd period - Stopped by Karri Ramo with a rebound.
10:02 of 3rd period - Slapshot by Jean-Luc Grand-Pierre.
10:02 of 3rd period - Stopped by Cory Schneider without a rebound.
10:03 of 3rd period - Andrew Cogliano wins face-off versus Alyn McCauley in Sasquatch zone.
10:03 of 3rd period - Andrew Cogliano is hit by Stu Bickel.
10:16 of 3rd period - Penalty to Konstantin Pushkarev is over, Konstantin Pushkarev is back on ice.
10:41 of 3rd period - Penalty to Jimmie Olvestad is over, Jimmie Olvestad is back on ice.
10:51 of 3rd period - Snap shot by Chris Conner.
10:51 of 3rd period - Deflect By Jimmie Olvestad.
10:51 of 3rd period - Stopped by Cory Schneider with a rebound.
10:57 of 3rd period - Jean-Luc Grand-Pierre is hit by Brian Lee and loses puck.
11:08 of 3rd period - Wrist shot by Aaron Voros.
11:08 of 3rd period - Shot Misses the Net.
11:10 of 3rd period - Snap shot by Aaron Voros.
11:10 of 3rd period - Stopped by Karri Ramo without a rebound.
11:11 of 3rd period - Alyn McCauley wins face-off versus Konstantin Pushkarev in Punishers zone.
11:11 of 3rd period - Alyn McCauley is hit by Jiri Novotny.
11:23 of 3rd period - Snap shot by Viktor Stalberg.
11:23 of 3rd period - Shot Misses the Net.
11:41 of 3rd period - Snap shot by Joe Vitale.
11:41 of 3rd period - Shot Blocked by Mark Giordano.
11:59 of 3rd period - Snap shot by Jiri Novotny.
11:59 of 3rd period - Goal by Jiri Novotny - Sasquatch : 4 - Punishers : 1.
12:00 of 3rd period - Andrew Cogliano wins face-off versus Viktor Stalberg in neutral zone.
12:07 of 3rd period - Snap shot by Andrew Cogliano.
12:07 of 3rd period - Goal by Andrew Cogliano - Sasquatch : 5 - Punishers : 1.
12:08 of 3rd period - Andrew Cogliano wins face-off versus Viktor Stalberg in neutral zone.
12:13 of 3rd period - Wrist shot by Steve Bernier.
12:13 of 3rd period - Stopped by Karri Ramo with a rebound.
12:19 of 3rd period - Wrist shot by Mike Grier.
12:19 of 3rd period - Shot Misses the Net.
12:28 of 3rd period - Minor Penalty to Petteri Nokelainen for Tripping.
12:29 of 3rd period - Andrew Cogliano wins face-off versus Mike Grier in Punishers zone.
12:34 of 3rd period - Wrist shot by Andrew Cogliano.
12:34 of 3rd period - Shot Blocked by Alyn McCauley.
12:36 of 3rd period - Backhand shot by Brian Lee.
12:36 of 3rd period - Deflect By Steve Bernier.
12:36 of 3rd period - Shot Misses the Net.
12:36 of 3rd period - Puck is out of play.
12:37 of 3rd period - Mike Grier wins face-off versus Andrew Cogliano in Punishers zone.
12:50 of 3rd period - Wrist shot by Andrew Cogliano.
12:50 of 3rd period - Stopped by Karri Ramo with a rebound.
12:52 of 3rd period - Wrist shot by Andrew Cogliano.
12:52 of 3rd period - Shot Blocked by Marc-André Bergeron.
13:07 of 3rd period - Minor Penalty to Chris Conner for Tripping.
13:08 of 3rd period - Ryan White wins face-off versus Andrew Cogliano in Punishers zone.
13:08 of 3rd period - Ryan White is hit by Steve Bernier.
13:20 of 3rd period - Snap shot by Steve Bernier.
13:20 of 3rd period - Shot Misses the Net.
14:28 of 3rd period - Penalty to Petteri Nokelainen is over, Petteri Nokelainen is back on ice.
14:45 of 3rd period - Trevor Daley is hit by Jean-Luc Grand-Pierre and loses puck.
15:07 of 3rd period - Penalty to Chris Conner is over, Chris Conner is back on ice.
15:28 of 3rd period - Snap shot by Mike Grier.
15:28 of 3rd period - Shot Blocked by Jiri Novotny.
15:42 of 3rd period - Slapshot by Mike Grier.
15:42 of 3rd period - Stopped by Cory Schneider with a rebound.
15:44 of 3rd period - Wrist shot by Mike Grier.
15:44 of 3rd period - Stopped by Cory Schneider without a rebound.
15:45 of 3rd period - Joe Vitale wins face-off versus Andreas Karlsson in Sasquatch zone.
16:15 of 3rd period - Minor Penalty to Linus Omark for Roughing.
16:16 of 3rd period - Alyn McCauley wins face-off versus Andrew Cogliano in Sasquatch zone.
16:19 of 3rd period - Snap shot by Mike Grier.
16:19 of 3rd period - Stopped by Cory Schneider without a rebound.
16:20 of 3rd period - Alyn McCauley wins face-off versus Andrew Cogliano in Sasquatch zone.
16:49 of 3rd period - Slapshot by Jassen Cullimore.
16:49 of 3rd period - Shot Misses the Net.
16:51 of 3rd period - Snap shot by Chris Conner.
16:51 of 3rd period - Shot Misses the Net.
16:53 of 3rd period - Slapshot by Viktor Stalberg.
16:53 of 3rd period - Shot Misses the Net.
16:55 of 3rd period - Slapshot by Jassen Cullimore.
16:55 of 3rd period - Shot Blocked by Andrew Cogliano.
18:15 of 3rd period - Penalty to Linus Omark is over, Linus Omark is back on ice.
18:37 of 3rd period - Slapshot by Andreas Karlsson.
18:37 of 3rd period - Stopped by Karri Ramo with a rebound.
18:39 of 3rd period - Wrist shot by Aaron Voros.
18:39 of 3rd period - Shot Blocked by Marc-André Bergeron.
18:41 of 3rd period - Wrist shot by Linus Omark.
18:41 of 3rd period - Shot Misses the Net.
18:43 of 3rd period - Snap shot by Linus Omark.
18:43 of 3rd period - Stopped by Karri Ramo with a rebound.
18:45 of 3rd period - Slapshot by Trevor Daley.
18:45 of 3rd period - Stopped by Karri Ramo with a rebound.
18:47 of 3rd period - Wrist shot by Andreas Karlsson.
18:47 of 3rd period - Shot Misses the Net.
18:49 of 3rd period - Slapshot by Aaron Voros.
18:49 of 3rd period - Stopped by Karri Ramo without a rebound.
18:50 of 3rd period - Andrew Cogliano wins face-off versus Ryan White in Punishers zone.
18:50 of 3rd period - Andrew Cogliano is hit by Ryan White.
18:51 of 3rd period - Minor Penalty to Ryan White for Tripping.
18:52 of 3rd period - Mike Grier wins face-off versus Andrew Cogliano in Punishers zone.
18:52 of 3rd period - Mike Grier is hit by Steve Bernier.
18:55 of 3rd period - Minor Penalty to Brian Lee for Holding.
18:56 of 3rd period - Alyn McCauley wins face-off versus Andrew Cogliano in Sasquatch zone.
19:01 of 3rd period - Wrist shot by Alyn McCauley.
19:01 of 3rd period - Stopped by Cory Schneider with a rebound.
19:03 of 3rd period - Slapshot by Viktor Stalberg.
19:03 of 3rd period - Stopped by Cory Schneider with a rebound.
19:05 of 3rd period - Snap shot by Alyn McCauley.
19:05 of 3rd period - Shot Blocked by Steve Bernier.
19:07 of 3rd period - Wrist shot by Viktor Stalberg.
19:07 of 3rd period - Stopped by Cory Schneider with a rebound.
19:09 of 3rd period - Slapshot by Jassen Cullimore.
19:09 of 3rd period - Shot Blocked by Ryan Wilson.
19:11 of 3rd period - Wrist shot by Alyn McCauley.
19:11 of 3rd period - Stopped by Cory Schneider with a rebound.
19:32 of 3rd period - Icing by Steve Bernier.
19:33 of 3rd period - Petteri Nokelainen wins face-off versus Andrew Cogliano in Sasquatch zone.
19:55 of 3rd period - Viktor Stalberg is hit by Kevin Porter and loses puck.
Output by the SimonT Hockey Simulator (STHS) for François Prévost -- Original Page W3C XHTML 1.0 Valid